 Dungeon Crawl Stone Soup version 0.17.1-1-g73c8601 (webtiles) character file.

395 JustSomeDude the Insei (level 6, -1/48 HPs)
             Began as a Demonspawn Monk on Dec 29, 2015.
             Succumbed to a worker ant's poison
             ... on level 4 of the Dungeon.
             The game lasted 00:07:15 (3319 turns).

JustSomeDude the Insei (Demonspawn Monk)            Turns: 3319, Time: 00:07:16

Health: -1/48      AC: 11    Str: 11    XL:     6   Next: 52%
Magic:  6/6        EV:  4    Int: 11    God:
Gold:   158        SH:  8    Dex: 18    Spells: 0 memorised, 5 levels left

rFire  . . .     SeeInvis .     p - +0 spear (pierce)
rCold  . . .     Clarity  .     i - +0 chain mail
rNeg   . . .     SustAt   .     j - +0 shield
rPois  .         Gourm    .     (helmet restricted)
rElec  .         Spirit   .     (no cloak)
rCorr  .         Warding  .     (no gloves)
rMut   .         Stasis   .     d - +0 pair of boots
MR     .....                    (no amulet)
Stlth  ..........               (no ring)
                                (no ring)

@: lethally poisoned (-1 -> -26), starving, not resistant to hostile
enchantments, extremely unstealthy
A: horns 1, molten scales 1, nightstalker 1, powered by death 1
a: no special abilities


You were on level 4 of the Dungeon.
You were starving.

You visited 1 branch of the dungeon, and saw 4 of its levels.

You collected 158 gold pieces.

Inventory:

Hand Weapons
 p - a +0 spear of piercing (weapon)
Armour
 d - a +0 pair of boots (worn)
 i - a +0 chain mail (worn)
 j - a +0 shield (worn)
Jewellery
 k - an uncursed ring of protection from cold {unknown}
 o - an uncursed amulet of resist mutation {unknown}
Scrolls
 c - a scroll of fog {unknown}
 e - 7 scrolls of identify {unknown}
 f - 2 scrolls of remove curse {unknown}
 g - 3 scrolls of teleportation {unknown}
 h - a scroll of recharging {unknown}
 m - a scroll of amnesia {unknown}
 r - a scroll of blinking {unknown}
Potions
 l - 2 potions of degeneration
 n - a potion of curing
 q - 2 potions of mutation {unknown}
Comestibles
 a - 3 beef jerkies
 b - 4 bread rations


   Skills:
 + Level 4.0 Fighting
 + Level 0.3 Polearms
 + Level 2.6 Armour
 + Level 3.5 Dodging
 + Level 2.1 Stealth
 + Level 2.4 Shields
 + Level 4.6 Unarmed Combat


You had 5 spell levels left.
You didn't know any spells.

Dungeon Overview and Level Annotations

Branches:
Dungeon (4/15)
 Temple: D:4-7

Altars:
Cheibriados
Elyvilon
Qazlal
Sif Muna
Trog
Xom
The Shining One


Innate Abilities, Weirdness & Mutations

You have a pair of small horns on your head.
You are partially covered in molten scales (AC +1).
You are slightly more attuned to the shadows.
You regenerate a little health from kills.


Message History

The worker ant bites you but does no damage.
You hit the worker ant but do no damage.
You feel sick. The worker ant barely misses you.
You hit the worker ant but do no damage.
You feel sick.
The worker ant bites you but does no damage. x2
You closely miss the worker ant.
You headbutt the worker ant, but do no damage.
You feel sick.
The worker ant bites you but does no damage.
You hit the worker ant but do no damage.
You feel sick. The worker ant bites you.
* * * LOW HITPOINT WARNING * * *
You are more poisoned.
The worker ant poisons you! The worker ant bites you.
* * * LOW HITPOINT WARNING * * *
You are more poisoned.
The worker ant poisons you!
You hit the worker ant but do no damage.
You die...

#.# #.# ### #.# ..# #.#
#.# #.# # #.# #a#
#.##.###@# #........#
####.##### #.##.## #...#.#
.# ####.## #.# ####.#
#.### # ##.##.# #.#.## ##
####...#.########....####.


You could see a worker ant.

Vanquished Creatures
  An ogre (D:4)
  3 orc priests
  A worker ant (D:4)
  2 orc wizards
  Robin (D:4)
  3 gnolls (D:2)
  2 adders
  2 oozes
  A worm (D:3)
  4 giant geckos
  8 orcs
  2 bats
  A giant cockroach (D:3)
  13 goblins
  6 hobgoblins
  3 quokkas
  2 ball pythons
  4 giant newts
  5 kobolds
  10 rats
74 creatures vanquished.

Vanquished Creatures (others)
  A goblin (D:4)
  A hobgoblin (D:2)
2 creatures vanquished.

Grand Total: 76 creatures vanquished

Notes
Turn   | Place    | Note
--------------------------------------------------------------
     0 | D:1      | JustSomeDude the Demonspawn Monk began the quest for the Orb.
     0 | D:1      | Reached XP level 1. HP: 18/18 MP: 1/1
   392 | D:1      | Gained mutation: You have a pair of small horns on your head. [demonic ancestry]
   392 | D:1      | Reached XP level 2. HP: 24/24 MP: 2/2
   830 | D:2      | Reached skill level 4 in Unarmed Combat
   830 | D:2      | Gained mutation: You are slightly more attuned to the shadows. [demonic ancestry]
   830 | D:2      | Reached XP level 3. HP: 16/29 MP: 3/3
  1175 | D:2      | Reached skill level 1 in Armour
  1217 | D:2      | Gained mutation: You regenerate a little health from kills. [demonic ancestry]
  1217 | D:2      | Reached XP level 4. HP: 32/35 MP: 4/4
  1280 | D:2      | Found a stormy altar of Qazlal.
  1871 | D:3      | Found a stormy altar of Qazlal.
  1871 | D:3      | Found a white marble altar of Elyvilon.
  1871 | D:3      | Found a shimmering altar of Xom.
  1873 | D:3      | Found a glowing golden altar of the Shining One.
  1873 | D:3      | Found a bloodstained altar of Trog.
  1875 | D:3      | Found a deep blue altar of Sif Muna.
  1876 | D:3      | Found a snail-covered altar of Cheibriados.
  2152 | D:3      | Reached skill level 1 in Shields
  2152 | D:3      | Reached XP level 5. HP: 25/41 MP: 5/5
  2540 | D:4      | Noticed Robin
  2587 | D:4      | Killed Robin
  2825 | D:4      | Gained mutation: You are partially covered in molten scales (AC +1). [demonic ancestry]
  2825 | D:4      | Reached XP level 6. HP: 17/48 MP: 6/6
  2972 | D:4      | Noticed an ogre
  2984 | D:4      | Killed an ogre
  3318 | D:4      | HP: 1/48 [worker ant (5)]
  3319 | D:4      | Succumbed to a worker ant's poison

Action                   |  1- 3 |  4- 6 || total
-------------------------+-------+-------++-------
Melee: Unarmed           |   107 |   148 ||   255
       Spear             |       |    83 ||    83
  Use: Potion            |     2 |     2 ||     4
 Stab: Sleeping          |     2 |       ||     2
  Eat: Meat ration       |     1 |       ||     1
       Chunk             |       |     1 ||     1
